 Dungeon Crawl Stone Soup version 0.25.0-11-g1f837a76a1 (webtiles) character file.

Game seed: 7114053868077807368

9200 Delamore the Basher (level 11, -7/71 HPs)
             Began as a Gargoyle Fighter on June 27, 2020.
             Was a High Priest of Okawaru.
             Killed by the air
             ... invoked by Gastronok
              (20 damage)
             ... on level 10 of the Dungeon.
             The game lasted 00:13:54 (9627 turns).

Delamore the Basher (Gargoyle Fighter)              Turns: 9627, Time: 00:13:55

Health: -7/71      AC: 22    Str: 23    XL:     11   Next: 42%
Magic:  11/11      EV:  6    Int:  9    God:    Okawaru [*****.]
Gold:   239        SH: 17    Dex: 20    Spells: 7/10 levels left

rFire    + . .     SeeInvis .   Q - +6 flail of Fuqe {holy, Dex+2}
rCold    + . .     Gourm    .   c - +0 kite shield
rNeg     + . .     Faith    .   B - +2 chain mail {rC+}
rPois    ∞         Spirit   .   t - +0 helmet
rElec    +         Reflect  +   G - scarf {repulsion}
rCorr    .         Harm     .   A - +1 pair of gloves {Dex+3}
MR       .....                  (no boots)
Stlth    ..........             k - amulet of reflection
HPRegen  0.21/turn              s - +6 ring of dexterity
MPRegen  0.12/turn              M - ring of protection from fire

@: slowed, repel missiles, very slow
A: negative energy resistance 1, electricity resistance, unbreathing,
petrification resistance, rot immunity, AC +8
a: Heroism, Finesse, Renounce Religion


You were on level 10 of the Dungeon.
You worshipped Okawaru.
Okawaru was extremely pleased with you.
You were hungry.

You visited 2 branches of the dungeon, and saw 11 of its levels.

You collected 464 gold pieces.
You spent 225 gold pieces at shops.

Inventory:

Hand Weapons
 v - a +0 morningstar
 x - a +1 whip of electrocution
 y - a +3 mace of venom
 P - a +0 flail of holy wrath
 Q - the +6 flail of Fuqe (weapon) {holy, Dex+2}
   (You found it on level 10 of the Dungeon)

   It has been blessed by the Shining One to cause great damage to the undead
   and demons.
   It affects your dexterity (+2).
Missiles
 h - 37 poisoned darts
 F - an atropa-tipped dart (quivered)
Armour
 c - a +0 kite shield (worn)
 t - a +0 helmet (worn)
 A - a +1 pair of gloves of dexterity (worn)
 B - a +2 chain mail of cold resistance (worn)
 G - a scarf of repulsion (worn)
Jewellery
 k - an amulet of reflection (around neck)
 s - a +6 ring of dexterity (left hand)
 K - an uncursed ring of magical power
 M - a ring of protection from fire (right hand)
Wands
 C - a wand of paralysis (14)
 E - a wand of iceblast (33)
 L - a wand of random effects (17)
 T - a wand of enslavement (11)
Scrolls
 b - a scroll of blinking {unknown}
 g - 4 scrolls of teleportation {unknown}
 i - 2 scrolls of fog
 j - 3 scrolls of amnesia
 n - 3 scrolls of enchant armour {unknown}
 o - 4 scrolls of enchant weapon
 p - 5 scrolls of remove curse
 q - a scroll of magic mapping
 w - a scroll of silence {unknown}
 z - a scroll of identify
 D - a scroll of random uselessness {unknown}
 J - 2 scrolls of noise
Potions
 a - 5 potions of lignification
 d - a potion of might
 e - 3 potions of heal wounds
 l - 2 potions of stabbing
 m - 2 potions of brilliance
 r - a potion of cancellation
 u - a potion of degeneration
 H - a potion of haste
 I - a potion of ambrosia {unknown}
 N - a potion of invisibility {unknown}
Miscellaneous
 R - a box of beasts
Comestibles
 f - 14 rations


   Skills:
 + Level 9.3 Fighting
 - Level 14.0 Maces & Flails
 - Level 3.2 Armour
 + Level 7.5 Shields


You had 7 spell levels left.
You knew the following spells:

 Your Spells              Type           Power        Failure   Level  Hunger
a - Shock                 Conj/Air       #...         100%        1    ##.....
b - Blink                 Tloc           N/A          100%        2    ###....

Your spell library contained the following spells:

 Spells                   Type           Power        Failure   Level  Hunger
 Foxfire                  Conj/Fire      #...         100%        1    ##.....
 Magic Dart               Conj           #...         100%        1    ##.....
 Call Imp                 Summ           #.......     100%        2    ###....
 Slow                     Hex            #.......     100%        2    ###....
 Swiftness                Chrm/Air       #.......     100%        2    ###....
 Conjure Flame            Conj/Fire      #.......     100%        3    ####...
 Inner Flame              Hex/Fire       #.......     100%        3    ####...
 Mephitic Cloud           Conj/Pois/Air  #.......     100%        3    ####...
 Static Discharge         Conj/Air       #.......     100%        3    ####...
 Airstrike                Air            #.........   100%        4    #####..
 Sticky Flame             Conj/Fire      #.......     100%        4    #####..
 Fireball                 Conj/Fire      #.........   100%        5    ######.
 Lightning Bolt           Conj/Air       #.........   100%        5    ######.


Dungeon Overview and Level Annotations

Branches:
Dungeon (10/15)            Temple (1/1) D:5
   Lair: D:8-11         Orc: D:9-12

Altars:
Ashenzari
Cheibriados
Dithmenos
Elyvilon
Fedhas
Gozag
Hepliaklqana
Kikubaaqudgha
Makhleb
Nemelex Xobeh
Okawaru
Qazlal
Ru
Sif Muna
Trog
Uskayaw
Vehumet
Wu Jian
Xom
Yredelemnul
Zin
The Shining One
Lugonu

Shops:
D:5 [   D:6 (}=

Portals:
Trove: D:10 (give +3 shadow dragon scales)

Annotations:
D:10 Gastronok


Innate Abilities, Weirdness & Mutations

You are resistant to torment.
Your stone body is resilient. (AC +8)
You are immune to poison.
You resist negative energy. (rN+)
You are resistant to electric shocks. (rElec)
You can survive without breathing.
You are immune to petrification.
You are immune to rotting.


Message History

You block the rat's attack. You block the rat's attack.
You block the rat's attack. The rat bites you but does no damage.
Gastronok chants a spell, wobbling all the while.
The rat bites you but does no damage. You block the bat's attack.
The bat hits you but does no damage. You block the rat's attack.
You block the bat's attack. You block the bat's attack.
You block the rat's attack. You block the bat's attack.
The bat hits you but does no damage. You block the rat's attack.
You block the bat's attack. The bat hits you but does no damage.
You block the rat's attack. You block the bat's attack.
The rat bites you but does no damage. You block the bat's attack.
You block the rat's attack. You block the bat's attack.
Gastronok waves his eye-stalks in wide circles.
The air twists around and strikes you!!
You die...

#.......).# #......##.....
#......w(.# #......##.....
####........## #....<........
#..........(.# #......######.
#.........:..######......#...##.
#............................###
#..................)............
#.......................)...####
#............br@.............#..
#.......................##'#.#.#
#.....................####.#<#÷#
#.....................# #.#.#.#
########..............# #.#...#
#..............# #.#####
#..............# #.#
################ #.# #.#####


You could see Gastronok, a bat (summoned) and a rat (summoned).

Vanquished Creatures
  2 two-headed ogres (D:10)
  An ugly thing (D:9)
  A manticore (D:8)
  A gargoyle (D:9)
  A komodo dragon (D:10)
  A troll (D:9)
  A hippogriff (D:7)
  A hornet (D:10)
  A wraith (D:10)
  5 yaks (D:9)
  Eustachio (D:5)
  An orc warrior (D:10)
  2 ice beasts
  A sky beast (D:8)
  A necrophage (D:8)
  2 phantoms (D:9)
  9 ogres
  5 centaurs
  5 big kobolds
  7 bullfrogs
  A water moccasin zombie (D:10)
  A wyvern skeleton (D:10)
  6 scorpions
  4 killer bees (D:9)
  9 wights
  A centaur zombie (D:10)
  A crimson imp (D:6)
  A quasit (D:9)
  4 hounds
  A bullfrog zombie (D:10)
  2 jellies (D:8)
  Crazy Yiuf (D:3)
  3 orc priests
  A bullfrog skeleton (D:5)
  13 orc wizards
  A centaur skeleton (D:9)
  Ijyb (D:4)
  3 iguanas
  Natasha (thrice) (D:4)
  9 worker ants
  2 hound zombies
  A hound skeleton (D:8)
  A gnoll (D:1)
  12 adders
  3 shadow imps
  An adder zombie (D:5)
  An adder skeleton (D:6)
  A worm (D:4)
  4 dart slugs
  7 leopard geckos
  37 orcs
  4 giant cockroaches
  7 goblins
  9 hobgoblins
  12 jackals
  4 quokkas
  2 ball pythons
  5 bats
  8 frilled lizards
  2 gnoll zombies (D:4)
  29 kobolds
  2 quokka skeletons
  6 rats
275 creatures vanquished.

Vanquished Creatures (others)
  A human (D:3)
  A kobold (D:9)
2 creatures vanquished.

Grand Total: 277 creatures vanquished

Notes
Turn   | Place    | Note
-------+----------+-------------------------------------------
     0 | D:1      | Delamore the Gargoyle Fighter began the quest for the Orb.
     0 | D:1      | Reached XP level 1. HP: 14/14 MP: 1/1
   138 | D:1      | Reached XP level 2. HP: 19/19 MP: 2/2
   246 | D:1      | Reached skill level 3 in Maces & Flails
   473 | D:1      | Reached XP level 3. HP: 19/23 MP: 3/3
  1237 | D:2      | Reached skill level 4 in Maces & Flails
  1293 | D:2      | Reached XP level 4. HP: 25/28 MP: 4/4
  1418 | D:2      | Found a white marble altar of Elyvilon.
  1585 | D:2      | Found an opulent altar of Gozag.
  1792 | D:2      | Found a sacrificial altar of Ru.
  2081 | D:3      | Found an ancient bone altar of Kikubaaqudgha.
  2094 | D:3      | Reached skill level 5 in Maces & Flails
  2094 | D:3      | Reached XP level 5. HP: 25/32 MP: 5/5
  2544 | D:3      | Found a shadowy altar of Dithmenos.
  2645 | D:3      | Noticed a human
  2646 | D:3      | Killed a human
  2694 | D:3      | Found a sparkling altar of Nemelex Xobeh.
  2751 | D:3      | Found a runed translucent door.
  2752 | D:3      | Noticed Crazy Yiuf
  2756 | D:3      | Paralysed by Crazy Yiuf for 3 turns
  2760 | D:3      | Killed Crazy Yiuf
  3042 | D:4      | Noticed Ijyb
  3047 | D:4      | Paralysed by Ijyb for 7 turns
  3049 | D:4      | Reached skill level 6 in Maces & Flails
  3049 | D:4      | Reached XP level 6. HP: 34/37 MP: 6/6
  3057 | D:4      | Paralysed by Ijyb for 5 turns
  3062 | D:4      | Killed Ijyb
  3177 | D:4      | Noticed Natasha
  3187 | D:4      | Killed Natasha
  3373 | D:4      | Found a basalt altar of Yredelemnul.
  3612 | D:4      | Found a hazy altar of Hepliaklqana.
  3627 | D:4      | Noticed Natasha
  3634 | D:4      | Killed Natasha
  3634 | D:4      | Reached skill level 7 in Maces & Flails
  3708 | D:4      | Noticed Natasha
  3713 | D:4      | Killed Natasha
  3750 | D:5      | Entered Level 5 of the Dungeon
  3770 | D:5      | Found a bloodstained altar of Trog.
  3788 | D:5      | Noticed Eustachio
  3799 | D:5      | Killed Eustachio
  3799 | D:5      | Reached XP level 7. HP: 41/41 MP: 7/7
  3816 | D:5      | Reached skill level 8 in Maces & Flails
  4092 | D:5      | Found a staircase to the Ecumenical Temple.
  4132 | Temple   | Entered the Ecumenical Temple
  4168 | Temple   | Became a worshipper of Warmaster Okawaru
  4286 | D:5      | Found Figetobb's Antique Armour Shoppe.
  4293 | D:5      | Bought a pair of runed gloves for 225 gold pieces
  4524 | D:5      | Reached skill level 9 in Maces & Flails
  4524 | D:5      | Reached XP level 8. HP: 46/46 MP: 8/8
  4655 | D:6      | Found Ojaduos's Jewellery Emporium.
  4730 | D:6      | Reached * piety under Okawaru
  4786 | D:6      | Found Tuafohini's Gadget Shoppe.
  4836 | D:6      | Reached skill level 10 in Maces & Flails
  4995 | D:6      | Found Goepor's Antique Weapon Shoppe.
  5431 | D:7      | Reached skill level 11 in Maces & Flails
  5692 | D:7      | Reached ** piety under Okawaru
  5692 | D:7      | Reached XP level 9. HP: 45/51 MP: 9/9
  6134 | D:7      | Reached skill level 12 in Maces & Flails
  6857 | D:8      | Noticed a manticore
  6874 | D:8      | Killed a manticore
  6874 | D:8      | Reached *** piety under Okawaru
  6874 | D:8      | Received a gift from Okawaru
  6874 | D:8      | Reached skill level 13 in Maces & Flails
  7170 | D:8      | Found a blossoming altar of Fedhas.
  7239 | D:8      | Reached XP level 10. HP: 56/56 MP: 10/10
  7242 | D:8      | Found an ornate altar of the Wu Jian Council.
  7631 | D:9      | Reached skill level 14 in Maces & Flails
  7638 | D:9      | Reached **** piety under Okawaru
  7726 | D:9      | Reached skill level 5 in Fighting
  7726 | D:9      | Reached skill level 5 in Shields
  7751 | D:9      | Noticed a brown ugly thing
  7766 | D:9      | Killed a brown ugly thing
  7766 | D:9      | Reached ***** piety under Okawaru
  7876 | D:9      | Noticed a gargoyle
  7905 | D:9      | Killed a gargoyle
  8248 | D:9      | Found a shimmering blue altar of Sif Muna.
  8281 | D:9      | Found a stormy altar of Qazlal.
  8325 | D:9      | Reached XP level 11. HP: 44/66 MP: 11/11
  8329 | D:9      | Received a gift from Okawaru
  8631 | D:10     | Entered Level 10 of the Dungeon
  8642 | D:10     | Noticed a two-headed ogre
  8657 | D:10     | Killed a two-headed ogre
  8675 | D:10     | Got a scorched flail
  8676 | D:10     | Identified the +6 flail of Fuqe {holy, Dex+2} (You found it
                  | on level 10 of the Dungeon)
  8899 | D:10     | Learned a level 1 spell: Shock
  8902 | D:10     | Learned a level 2 spell: Blink
  9082 | D:10     | Found a portal to a secret trove of treasure.
  9444 | D:10     | Noticed a two-headed ogre
  9451 | D:10     | Killed a two-headed ogre
  9573 | D:10     | Noticed Gastronok
  9595 | D:10     | HP: 3/71 [Gastronok/the air (22)]
  9627 | D:10     | Killed from afar by Gastronok

Illustrated notes

Levels and vault maps discovered:
D:1:      tarquinn_simple_flora_water_d, layout_loops_corners
D:2:      layout_rooms, nicolae_ru_path_of_blood, grunt_gozag_statues,
          elyvilon_altar_5, grunt_decor_clamped, corexii_shack, minmay_3d_cube
D:3:      layout_loops_ring, nicolae_dithmenos_shadow_blocks, marbit_many_paths,
          tgw_kikubaaqudgha, uniq_crazy_yiuf_cottage
D:4:      layout_loops_cross, lemuel_zombie_altar_yredelemnul, kennysheep_mini,
          first_ration, hangedman_abyss_or_decor_stabs, uniq_ijyb, uniq_natasha
D:5:      lemuel_upstairs_altar, layout_rooms, nicolae_overflow_hidden_temple,
          temple_doors_e, serial_shops, shop, minmay_fractal_squares_gapless_5,
          uniq_eustachio
D:6:      layout_basic, serial_shops, shop, shop, shop
D:7:      layout_basic
D:8:      layout_rooms, kennysheep_mini_moat, lemuel_doored_altar
D:9:      layout_rooms, kennysheep_little_box, lemuel_round_altar
D:10:     layout_basic, enter_trove_2, uniq_gastronok
Temple:   corrupted_temple

Skill      XL: |  1  2  3  4  5  6  7  8  9 10 11 |
---------------+----------------------------------+-----
Maces & Flails | 3 4 5 6 7 9 11 13 14 | 14.0
Fighting       | 6 9 |  9.3
Shields        | 6 7 |  7.5
Armour         | |  3.2

Action                   |  1- 3 |  4- 6 |  7- 9 | 10-12 || total
-------------------------+-------+-------+-------+-------++-------
Melee: Flail             |   129 |   150 |       |    81 ||   360
       Mace              |       |    80 |   310 |   282 ||   672
Throw: Dart              |       |       |    10 |    14 ||    24
       Javelin           |       |       |     4 |     8 ||    12
Evoke: Wand              |       |       |     1 |       ||     1
  Use: Scroll            |       |       |    12 |     1 ||    13
  Eat: Chunk             |     1 |     9 |    11 |     4 ||    25
       Ration            |       |       |       |     1 ||     1
Armor: Scale mail        |    82 |    99 |    34 |       ||   215
       Chain mail        |       |       |    62 |   117 ||   179
Dodge: Dodged            |    33 |    49 |    36 |    56 ||   174
       Repelled          |       |       |     5 |     9 ||    14
Block: Kite shield       |    71 |   185 |   214 |   220 ||   690
       Reflection        |       |     3 |    14 |    10 ||    27
       Other             |       |       |       |     8 ||     8
